 Seeded DCSS version 0.29.1-14-g9c671dbff4 (webtiles) character file.

Game seed: 2717059428311584915 (custom seed)

630 sanboga the Shield-Bearer (level 7, -9/44 HPs)
             Began as a Gargoyle Fighter on Feb 14, 2023.
             Mangled by an ogre
             ... wielding a +0 giant spiked club
              (21 damage)
             ... on level 3 of the Dungeon.
             The game lasted 00:03:14 (2987 turns).

sanboga the Shield-Bearer (Gargoyle Fighter)        Turns: 2987, Time: 00:03:15

Health: -9/44      AC: 14    Str: 22    XL:     7   Next: 48%
Magic:  7/7        EV:  7    Int:  8    God:
Gold:   124        SH:  4    Dex:  9    Spells: 6/6 levels left

rFire   . . .      SeeInvis .   a - +0 war axe
rCold   . . .      Faith    .   c - +0 buckler
rNeg    + . .      Spirit   .   g - +0 chain mail
rPois   ∞          Reflect  .   (no helmet)
rElec   +          Harm     .   (no cloak)
rCorr   .          Rampage  .   (no gloves)
Will    .....                   (no boots)
Stlth   ..........              (no amulet)
HPRegen 0.14/turn               (no ring)
MPRegen 0.10/turn               (no ring)

@: mighty
A: sickness immunity, AC +4, negative energy resistance 1, electricity
resistance, torment resistance 1, petrification resistance
a: no special abilities


You were on level 3 of the Dungeon.
You visited 1 branch of the dungeon, and saw 3 of its levels.

You collected 124 gold pieces.

Inventory:

Hand Weapons
 a - a +0 war axe (weapon)
Armour
 c - a +0 buckler (worn)
 g - a +0 chain mail (worn)
Scrolls
 b - a scroll of teleportation {unknown}
 e - a scroll of brand weapon {unknown}
 f - 2 scrolls of fear {unknown}
 k - a scroll of magic mapping {unknown}
Potions
 h - 3 potions of flight
 i - a potion of degeneration {unknown}
 j - a potion of ambrosia {unknown}
 l - a potion of lignification {unknown}
 m - a potion of heal wounds {unknown}
 n - 2 potions of cancellation {unknown}


   Skills:
 + Level 5.0 Fighting
 * Level 4.8 Axes
 + Level 5.0 Armour
 + Level 5.0 Shields


You had 6 spell levels left.
You didn't know any spells.
Your spell library contained the following spells:

 Spells                   Type           Power      Damage    Failure   Level
 Slow                     Hex            0%         N/A       99%         1
 Confusing Touch          Hex            0%         N/A       100%        3
 Gell's Gravitas          Tloc           0%         N/A       100%        3
 Ignite Poison            Fire/Tmut/Pois 0%         N/A       100%        3
 Lesser Beckoning         Tloc           0%         N/A       100%        3
 Mephitic Cloud           Conj/Pois/Air  0%         N/A       100%        3
 Portal Projectile        Hex/Tloc       0%         N/A       100%        3
 Teleport Other           Tloc           0%         N/A       100%        3
 Tukima's Dance           Hex            0%         N/A       100%        3
 Vampiric Draining        Necr           0%         2d6       100%        3
 Blade Hands              Tmut           0%         N/A       100%        5
 Freezing Cloud           Conj/Ice/Air   0%         6-21      100%        5


Dungeon Overview and Level Annotations

Branches:
Dungeon (3/15)

Altars:
Sif Muna
The Shining One

Shops:
D:2 [


Innate Abilities, Weirdness & Mutations

You are immune to sickness and miasma.
Your stone body is resilient. (AC +4)
You are immune to poison.
You resist negative energy. (rN+)
You are resistant to electric shocks. (rElec)
You are resistant to unholy torment.
You are immune to petrification.


Message History

You slash tizbic2's ghost!
You destroy tizbic2's ghost!
No reachable target in view!
No reachable target in view!
No reachable target in view!
No reachable target in view!
No reachable target in view!
You start resting.
HP restored.
There is a transporter here.
You see here the +5 quarterstaff of Kismet {flame, rElec rF+ Str+2 Stlth-}.
You enter the transporter and appear at another place.
The ogre attacks as you move away! You block the ogre's attack.
There is a transporter here.
You enter the transporter and appear at another place.
There is a transporter here.
You see here the +5 quarterstaff of Kismet {flame, rElec rF+ Str+2 Stlth-}.
You enter the transporter and appear at another place.
You feel very mighty all of a sudden.
You slash the ogre!
The ogre is heavily wounded.
The ogre hits you with the +0 giant spiked club of Iteve {drain, rPois rF+ rCorr Int+3}!
You slash the ogre!
You kill the ogre!
Your Fighting skill increases to level 5!
Your Armour skill increases to level 5!
Your Shields skill increases to level 5!
You slash the ogre!
The ogre is moderately wounded.
The ogre hits you with a +0 giant spiked club!
* * * LOW HITPOINT WARNING * * *
You are too injured to fight recklessly!
You are too injured to fight recklessly!
You slash the ogre!
The ogre is severely wounded.
You block the ogre's attack.
You barely miss the ogre.
The ogre is severely wounded.
The ogre hits you with a +0 giant spiked club!!
You die...

# #..## ##.........# #.#
###...###.######.#.# ###.#
.##..#.#.......########..#####
.##..##.########©.....#......#
.##.....# ###.#..#.#..###.#
....###.# #.#..##..#..# #.#
.#### #.# #.#..##..#..# #.# .#
#.# #.#O#..#$#©.###.# .# #.#
#.#@)...(#...##.# ## #.#
#.#$#..#.#©)....#
#.######.#..##..#..###.#
#........#..##..#..# #.#
#.##.###.#.#..#.#..# #.#
#######.##.# #.#......#..# #.#
........##.#
#.########..###.####
##########.#
#..............#...[ #.#
#########.#####.####


You could see an ogre.

Vanquished Creatures
  Grinder (D:3)
  Sigmund (D:3)
  2 ogres (D:3)
  The ghost of tizbic2 the Shooter, a weakling DgHu (D:3)
  2 adders (D:2)
  A worm (D:2)
  2 dart slugs
  7 endoplasms
  3 giant cockroaches
  7 goblins
  4 hobgoblins
  2 jackals (D:1)
  6 ball pythons
  5 bats
  4 frilled lizards
  3 kobolds
  2 rats
53 creatures vanquished.

Vanquished Creatures (others)
  8 plants (D:2)
8 creatures vanquished.

Grand Total: 61 creatures vanquished

Notes
Turn   | Place    | Note
-------+----------+-------------------------------------------
     0 | D:1      | sanboga the Gargoyle Fighter began the quest for the Orb.
     0 | D:1      | Reached XP level 1. HP: 14/14 MP: 1/1
    37 | D:1      | You fall into a shaft and drop 1 floor!
    49 | D:2      | Found a faded altar of an unknown god.
    97 | D:2      | Reached XP level 2. HP: 16/19 MP: 2/2
   229 | D:2      | Reached XP level 3. HP: 17/23 MP: 3/3
   319 | D:2      | Found a glowing golden altar of the Shining One.
  1070 | D:1      | Reached XP level 4. HP: 29/29 MP: 4/4
  1359 | D:2      | Found Rabif's Antique Armour Shoppe.
  1811 | D:3      | Noticed Grinder
  1831 | D:3      | Paralysed by Grinder for 3 turns
  1844 | D:3      | Killed Grinder
  1845 | D:3      | Reached XP level 5. HP: 4/34 MP: 5/5
  1845 | D:3      | Reached XP level 6. HP: 5/39 MP: 6/6
  2274 | D:3      | Noticed tizbic2's ghost (weakling DgHu)
  2274 | D:3      | Identified the +0 giant spiked club of Iteve {drain, rPois
                  | rF+ rCorr Int+3}
  2277 | D:3      | Found a transporter.
  2284 | D:3      | Found a transporter.
  2284 | D:3      | Identified the +5 quarterstaff of Kismet {flame, rElec rF+
                  | Str+2 Stlth-}
  2487 | D:3      | Found a shimmering blue altar of Sif Muna.
  2519 | D:3      | Noticed Sigmund
  2529 | D:3      | Killed Sigmund
  2745 | D:3      | Reached XP level 7. HP: 18/44 MP: 7/7
  2949 | D:3      | Killed tizbic2's ghost
  2985 | D:3      | Reached skill level 5 in Fighting
  2985 | D:3      | Reached skill level 5 in Armour
  2985 | D:3      | Reached skill level 5 in Shields
  2987 | D:3      | Mangled by an ogre

Illustrated notes

Levels and vault maps discovered:
D:1:      dpeg_arrival_rooms_a, layout_loops_ring
D:2:      layout_basic, serial_bayou, serial_bayou_ford_a,
          serial_bayou_lagoon_a, serial_bayou_pond_b, serial_bayou_shore_b,
          serial_shops, nicolae_shop_behind_doors, basic_altar,
          nicolae_ecumenical_oubliette, minmay_misc_feat_roman,
          dk_noncrumbling_4
D:3:      layout_loops_ring, led_sif_book, gammafunk_ghost_smash, uniq_sigmund,
          uniq_grinder

Skill      XL: |  1  2  3  4  5  6  7 |
---------------+----------------------+-----
Axes           | 2 3 4 |  4.8
Fighting       | 4 5 |  5.0
Armour         | 4 5 |  5.0
Shields        | 4 5 |  5.0

Action                   |  1- 3 |  4- 6 |  7- 9 || total
-------------------------+-------+-------+-------++-------
Melee: War axe           |    94 |    61 |    17 ||   172
  Use: Potion            |       |     2 |     1 ||     3
       Scroll            |       |     1 |       ||     1
Armor: Scale mail        |    28 |       |       ||    28
       Chain mail        |    48 |    33 |     7 ||    88
Dodge: Dodged            |    32 |    22 |     5 ||    59
Block: Buckler           |    19 |     9 |     6 ||    34
